Map: [ESL] Goldenaura

Players

DKZherO (herO) - Winner!

  • Race: Protoss Protoss
  • League: Grandmaster
  • Spawn Location: 5:00

ByuN

  • Race: Terran Terran
  • Spawn Location: 12:00

VOD

Have the link to the VOD?

Description

Time

  • Played on: Nov. 28, 2023, 9:13 a.m.
  • Length: 18:37
Show
View Real Time Build Order
Export as new Build Order

DKZherO Protoss - Winner!

Build Orders: 1 Gate Expand, Phoenix Opening, Mass Phoenix, Colossus Rush 

Get SALT Encoding   

  12  0:00  Probe  
  13  0:12  Probe  
  14  0:17  Pylon  
  14  0:24  Probe  
  15  0:35  Gateway  
  15  0:38  Probe (Chrono Boost)  
  16  0:44  Assimilator  
  17  0:50  Probe (Chrono Boost)  
  17  0:55  Probe (Chrono Boost)  
  18  1:04  Probe  
  19  1:16  Probe  
  20  1:23  Cybernetics Core  
  20  1:35  Nexus  
  20  1:42  Pylon  
  20  1:45  Probe  
  21  1:52  Assimilator  
  21  1:57  Adept (Chrono Boost)  
  21  2:01  Probe  
  24  2:13  Probe  
  25  2:18  Adept (Chrono Boost)  
  25  2:22  Stargate  
  27  2:25  Probe  
  28  2:30  Warp Gate  
  28  2:37  Probe  
  28  2:40  Adept  
  31  2:48  Probe  
  31  2:49  Probe  
  33  3:00  Probe  
  33  3:01  Probe  
  33  3:05  Phoenix (Chrono Boost)  
  35  3:12  Probe  
  38  3:13  Probe  
  39  3:21  Phoenix (Chrono Boost)  
  39  3:24  Probe  
  39  3:25  Probe  
  42  3:36  Probe, Pylon  
  42  3:38  Probe  
  42  3:44  Phoenix (Chrono Boost)  
  44  3:48  Probe  
  44  3:50  Assimilator, Probe  
  44  3:52  Assimilator  
  44  3:54  Pylon  
  46  4:00  Probe  
  46  4:01  Phoenix (Chrono Boost)  
  46  4:02  Probe  
  50  4:07  Shield Battery  
  50  4:12  Robotics Facility  
  50  4:14  Probe x2  
  52  4:23  Phoenix (Chrono Boost)  
  54  4:26  Probe x2  
  54  4:29  Shield Battery  
  56  4:34  Pylon  
  56  4:38  Probe  
  56  4:39  Probe  
  56  4:41  Phoenix  
  60  4:48  Pylon  
  60  4:51  Probe x2  
  62  4:59  Immortal (Chrono Boost)  
  62  5:05  Robotics Bay  
  66  5:13  Phoenix  
  62  5:23  Sentry  
  62  5:26  Gateway  
  62  5:28  Immortal (Chrono Boost)  
  66  5:38  Phoenix  
  66  5:41  Shield Battery  
  68  5:56  Nexus  
  66  5:59  Colossus (Chrono Boost)  
  66  6:04  Extended Thermal Lance  
  72  6:05  Probe x2  
  72  6:09  Pylon  
  73  6:15  Stalker  
  73  6:17  Probe x2  
  77  6:27  Phoenix  
  77  6:32  Probe x2  
  81  6:42  Pylon  
  81  6:46  Gateway  
  82  6:52  Phoenix (Chrono Boost)  
  83  6:54  Probe  
  83  6:55  Probe  
  83  6:56  Colossus (Chrono Boost)  
  83  7:00  Pylon  
  91  7:03  Stalker  
  93  7:10  Stalker  
  93  7:12  Gateway  
  93  7:13  Gateway, Probe x2, Phoenix (Chrono Boost)  
  91  7:35  Probe x2  
  83  7:37  Probe  
  83  7:40  Colossus (Chrono Boost)  
  86  7:46  Twilight Council  
  86  7:47  Forge  
  86  7:48  Phoenix  
  88  7:51  Probe  
  88  7:52  Probe x2  
  88  7:54  Sentry  
  88  7:55  Nexus  
  93  7:59  Zealot x2  
  93  8:00  Protoss Ground Weapons Level 1  
  93  8:04  Pylon  
  97  8:11  Zealot x2  
  101  8:15  Colossus (Chrono Boost)  
  101  8:17  Probe  
  101  8:18  Probe x2  
  104  8:22  Charge (Chrono Boost)  
  104  8:23  Probe x4  
  104  8:25  Pylon  
  110  8:31  Zealot x4  
  110  8:34  Zealot  
  120  8:39  Pylon  
  112  8:51  Probe x2  
  112  8:52  Phoenix, Probe  
  115  8:57  Zealot x3  
  115  8:59  Sentry  
  115  9:00  Warp Prism  
  115  9:02  Photon Cannon  
  123  9:07  Pylon  
  123  9:09  Gateway  
  125  9:15  Forge  
  125  9:17  Probe x3  
  125  9:18  Probe  
  125  9:20  Assimilator  
  125  9:23  Zealot, Sentry x2  
  135  9:29  Photon Cannon  
  135  9:33  Templar Archives  
  135  9:34  Pylon  
  135  9:35  Disruptor (Chrono Boost)  
  137  9:43  Zealot x2  
  137  9:46  Phoenix  
  139  9:54  Zealot x2  
  143  10:11  Zealot x3, Phoenix (Chrono Boost)  
  141  10:27  Probe x4  
  141  10:28  Phoenix (Chrono Boost), Protoss Ground Weapons Level 2 (Chrono Boost)  
  145  10:30  Gateway x2  
  145  10:31  Zealot x6  
  145  10:35  Nexus, Protoss Ground Armor Level 1 (Chrono Boost)  
  160  10:37  Observer  
  146  10:51  Phoenix  
  146  10:57  Zealot x6  
  148  11:06  Colossus (Chrono Boost)  
  155  11:11  Probe x4  
  155  11:13  Pylon  
  155  11:16  Phoenix  
  155  11:18  Stalker x2  
  164  11:23  Pylon  
  164  11:24  Pylon  
  164  11:31  Probe x2  
  164  11:32  Stalker x3  
  172  11:44  Photon Cannon  
  172  11:45  Robotics Facility  
  172  11:46  Shield Battery  
  172  11:47  Disruptor (Chrono Boost)  
  174  11:51  Blink (Chrono Boost)  
  174  11:54  Photon Cannon  
  178  11:59  Zealot x8  
  192  12:05  Gateway  
  192  12:07  Gateway  
  190  12:15  Gateway, Disruptor (Chrono Boost)  
  194  12:17  Gateway  
  194  12:22  Pylon  
  194  12:23  Protoss Ground Armor Level 2 (Chrono Boost)  
  182  12:31  Zealot x3  
  182  12:32  Zealot x5  
  182  12:34  Stalker x6  
  189  12:44  Assimilator x2  
  189  12:46  Protoss Ground Weapons Level 3 (Chrono Boost)  
  189  12:47  Photon Cannon  
  189  12:57  Gateway  
  189  12:58  Pylon  
  189  12:59  Gateway  
  189  13:07  Stalker x5  
  196  13:16  Stalker  
  196  13:17  Stalker  
  199  13:22  Observer  
  191  13:27  Zealot  
  163  13:39  Disruptor x2 (Chrono Boost)  
  163  13:40  Gravitic Boosters (Chrono Boost)  
  155  13:44  Zealot  
  155  13:45  Zealot x10  
  185  13:48  Nexus  
  185  13:49  Observer  
  185  13:51  Zealot, Photon Cannon  
  185  13:52  Shield Battery, Photon Cannon  
  185  13:53  Sentry  
  187  13:56  Pylon  
  187  13:57  Nexus  
  187  14:18  Stalker x6  
  193  14:27  Disruptor (Chrono Boost)  
  159  14:35  Zealot x5  
  159  14:36  Zealot  
  155  14:43  Stalker x7, Photon Cannon  
  155  14:44  Stalker  
  155  14:45  Photon Cannon  
  171  14:56  Immortal (Chrono Boost)  
  150  15:01  Immortal (Chrono Boost)  
  126  15:10  Zealot x11  
  126  15:13  Zealot x2  
  146  15:16  Zealot  
  148  15:27  Protoss Ground Armor Level 3 (Chrono Boost), Protoss Shields Level 1  
  132  15:40  Zealot x10  
  142  15:45  Colossus (Chrono Boost)  
  141  15:51  Observer (Chrono Boost)  
  141  15:56  Zealot x4  
  149  16:02  Colossus (Chrono Boost)  
  149  16:03  Pylon  
  141  16:21  Colossus (Chrono Boost)  
  135  16:25  Zealot x4  
  135  16:26  Zealot x4  
  135  16:32  Probe x2  
  145  16:33  Probe x3  
  138  16:45  Colossus (Chrono Boost)  
  138  16:46  Zealot  
  138  16:47  Zealot x5  
  144  17:04  Colossus (Chrono Boost)  
  144  17:10  Zealot x12  
  144  17:12  Observer  
  168  17:17  Stalker x2  
  172  17:27  Pylon, Photon Cannon  
  173  17:30  Observer (Chrono Boost)  
  173  17:32  Sentry  
  173  17:33  Zealot x4  
  183  17:40  Pylon  
  189  17:46  Stalker x4  
  189  17:49  Warp Prism (Chrono Boost)  
  195  17:55  Pylon  
  195  17:57  Zealot  
Show
View Real Time Build Order
Export as new Build Order

ByuN Terran 

Build Orders: Cyclone Opening 

Get SALT Encoding   

  12  0:00  SCV  
  13  0:12  SCV  
  14  0:18  Supply Depot  
  14  0:24  SCV  
  15  0:39  SCV  
  15  0:40  Barracks  
  16  0:43  Refinery  
  16  0:51  SCV  
  16  0:55  Refinery  
  17  1:03  SCV  
  18  1:15  SCV  
  19  1:23  Supply Depot  
  20  1:34  Orbital Command, Reaper  
  20  1:43  Factory  
  20  2:00  SCV  
  21  2:06  Barracks Reactor  
  21  2:12  SCV  
  22  2:21  Command Center  
  22  2:25  SCV  
  22  2:28  Widow Mine  
  25  2:36  Starport  
  25  2:38  SCV  
  26  2:46  Supply Depot  
  26  2:50  SCV  
  28  2:55  Cyclone  
  28  2:57  Marine  
  29  3:02  SCV, Marine  
  31  3:14  SCV  
  31  3:18  Marine  
  33  3:21  Starport Tech Lab  
  33  3:27  SCV  
  33  3:37  Marine x2  
  33  3:39  SCV  
  33  3:40  Raven  
  37  3:41  Interference Matrix  
  37  3:46  Orbital Command  
  37  3:48  Factory Tech Lab  
  37  3:51  SCV  
  37  3:55  Marine x2  
  40  4:03  SCV  
  40  4:07  Barracks  
  41  4:13  SCV, Marine x2  
  41  4:14  Raven  
  46  4:21  Barracks  
  46  4:22  SCV  
  47  4:25  SCV  
  47  4:27  Supply Depot  
  47  4:30  Marine  
  47  4:31  Marine  
  50  4:34  SCV  
  50  4:37  SCV  
  52  4:38  Engineering Bay  
  52  4:46  SCV  
  52  4:48  Marine x2  
  52  4:49  Cyclone  
  55  4:55  SCV, Marine  
  55  4:57  Stimpack  
  55  4:58  SCV  
  58  5:04  Refinery  
  58  5:05  Supply Depot  
  58  5:06  Marine  
  59  5:07  SCV  
  59  5:10  SCV  
  59  5:14  Marine  
  59  5:19  SCV  
  60  5:22  SCV  
  60  5:24  Terran Infantry Weapons Level 1  
  60  5:25  Starport Reactor  
  60  5:26  Combat Shield, Marine x2  
  62  5:31  SCV  
  62  5:34  SCV  
  64  5:37  Marine  
  64  5:38  Marine  
  65  5:43  Supply Depot, SCV  
  65  5:47  SCV  
  64  5:55  SCV  
  63  5:59  SCV  
  63  6:01  Command Center  
  63  6:07  SCV  
  63  6:10  Barracks  
  63  6:11  SCV, Barracks  
  65  6:20  SCV, Medivac x2  
  65  6:23  SCV, Marine  
  65  6:24  Marine  
  65  6:25  Marauder x2  
  77  6:32  SCV  
  77  6:35  SCV, Factory Reactor  
  77  6:36  Concussive Shells  
  77  6:39  Refinery  
  78  6:42  Missile Turret  
  78  6:45  SCV  
  77  6:47  SCV  
  77  6:49  Marine x2  
  77  6:57  SCV  
  78  7:02  Supply Depot  
  78  7:03  Supply Depot  
  78  7:10  Ghost Academy  
  78  7:12  Marine x2  
  78  7:13  SCV x2, Marauder x2, Medivac x2  
  90  7:16  Orbital Command  
  90  7:18  Missile Turret  
  89  7:23  Barracks Reactor  
  89  7:24  Barracks Tech Lab  
  89  7:25  SCV x2  
  85  7:30  Marine  
  85  7:34  Marine, Marauder x2  
  78  7:37  SCV x2  
  78  7:41  Widow Mine x2  
  78  7:43  SCV  
  79  7:44  Medivac  
  79  7:45  Medivac  
  79  7:46  Marine  
  79  7:48  Marine  
  79  7:49  SCV x2  
  79  7:50  Terran Infantry Armor Level 1  
  87  7:52  Marine  
  87  7:57  Missile Turret  
  89  8:00  Ghost  
  89  8:02  Marine  
  89  8:03  Ghost  
  93  8:05  Missile Turret  
  93  8:06  Marine x2  
  93  8:10  Ghost  
  97  8:13  SCV x2  
  97  8:14  SCV  
  97  8:19  Supply Depot, Marine  
  101  8:20  Marine  
  101  8:23  Supply Depot  
  101  8:25  Supply Depot x2  
  100  8:30  SCV x2, Marauder  
  100  8:32  SCV  
  100  8:33  Marauder  
  107  8:39  Marauder, Armory  
  107  8:41  Engineering Bay  
  106  8:51  Marine x2, Marauder  
  106  8:53  Marine x2  
  106  8:54  Marauder, Widow Mine x2  
  114  8:57  SCV x3, Refinery  
  114  8:58  Refinery  
  114  9:01  Marauder  
  119  9:05  Medivac x2  
  123  9:14  Marauder  
  123  9:15  Marauder  
  123  9:16  Marine x4  
  131  9:17  Widow Mine x2  
  131  9:22  Marauder  
  131  9:23  Supply Depot  
  131  9:24  Supply Depot, SCV x3  
  138  9:31  Terran Infantry Weapons Level 2  
  140  9:34  Terran Ship Weapons Level 1  
  138  9:49  Marauder x3  
  138  9:51  Marine x2  
  138  9:52  Marine x2  
  148  9:53  Widow Mine x2  
  131  10:07  SCV  
  131  10:08  SCV x2  
  131  10:09  Ghost x2  
  131  10:11  Medivac x2  
  131  10:13  Barracks  
  131  10:14  Barracks  
  137  10:16  Terran Infantry Armor Level 2, Barracks  
  137  10:17  Widow Mine x2  
  131  10:23  Marine x2  
  131  10:27  Marine x2  
  133  10:28  Marauder  
  133  10:38  Marine  
  133  10:39  Widow Mine x2  
  133  10:40  Marauder  
  133  10:41  Viking  
  141  10:43  Marine x2  
  140  10:50  Marauder  
  140  10:52  Marine x2  
  140  10:57  Marauder  
  132  11:00  Widow Mine x2, Viking  
  132  11:01  Marauder  
  137  11:10  Barracks Tech Lab x2  
  137  11:11  Marauder  
  137  11:12  Marine  
  137  11:13  Barracks Reactor  
  137  11:14  Viking  
  137  11:18  Marauder  
  142  11:20  Command Center  
  142  11:21  Widow Mine  
  142  11:22  Widow Mine  
  146  11:26  Marauder  
  146  11:30  Viking  
  146  11:33  Ghost x2  
  146  11:35  Marauder  
  152  11:41  Marine x2  
  152  11:43  Marine, Widow Mine  
  157  11:47  Supply Depot  
  157  11:49  Marine, Ghost, Viking  
  162  11:58  Supply Depot, Marauder  
  162  12:00  Supply Depot  
  164  12:08  Viking  
  164  12:09  Marauder x2  
  164  12:11  Ghost  
  172  12:20  Viking  
  174  12:24  Ghost  
  170  12:38  Viking  
  170  12:39  Terran Infantry Armor Level 3  
  174  12:44  Marauder x3  
  174  12:45  Marauder  
  174  12:47  Marine x2  
  174  12:48  Marine x4  
  174  12:49  Viking  
  188  12:53  Marauder  
  190  13:00  Terran Infantry Weapons Level 3  
  190  13:09  Missile Turret  
  190  13:10  Orbital Command, Ghost  
  192  13:14  Ghost  
  192  13:15  Marauder  
  196  13:20  Widow Mine x2  
  196  13:27  Marine x2  
  176  13:34  Marine  
  176  13:37  Marauder x2  
  176  13:38  Marine x2, Marauder  
  176  13:39  Marauder  
  163  13:41  Widow Mine, Viking  
  163  13:42  Viking  
  169  13:54  Ghost  
  171  13:57  Marine x4  
  171  13:58  Marine, Ghost x2  
  178  14:07  Marauder  
  178  14:08  Marauder  
  178  14:11  Viking  
  178  14:12  Viking  
  178  14:24  Marauder  
  178  14:27  Marauder  
  149  14:32  Widow Mine x2  
  149  14:33  Marauder  
  149  14:37  Marauder  
  155  14:38  Marauder  
  155  14:40  Marine x3  
  155  14:41  Marine x2, Medivac  
  155  14:42  Medivac  
  155  14:45  Marine, Marauder  
  164  14:49  Marauder  
  162  14:54  Widow Mine  
  162  14:55  Marauder  
  162  14:58  Marine  
  162  14:59  Marauder  
  141  15:00  Marauder  
  141  15:02  Marine  
  141  15:04  SCV x2  
  141  15:05  SCV x2  
  141  15:07  Marauder  
  117  15:10  Marauder  
  117  15:11  Medivac  
  117  15:12  Medivac  
  117  15:16  Marauder  
  117  15:20  Marauder  
  121  15:21  Marauder  
  121  15:27  Marine x2  
  121  15:28  Marine, Marauder  
  105  15:31  Marauder  
  105  15:32  Marine  
  105  15:33  Marine  
  104  15:36  Marine  
  104  15:37  Marauder  
  104  15:41  Medivac  
  104  15:44  Medivac  
  104  15:45  Widow Mine  
  104  15:49  SCV  
  110  15:50  SCV  
  110  15:52  SCV  
  110  15:55  Marine x2  
  113  16:01  Widow Mine  
  113  16:02  Marine x2  
  117  16:07  Widow Mine  
  117  16:08  Ghost  
  117  16:11  Medivac  
  119  16:12  Marine, Marauder  
  119  16:13  Marine  
  123  16:21  Marauder x2  
  123  16:23  SCV  
  113  16:28  SCV  
  113  16:32  SCV  
  102  16:38  Marine  
  101  16:45  SCV  
  101  16:46  SCV  
  93  16:59  Marauder  
  93  17:01  Marauder  
  87  17:02  Marine x2  
  87  17:03  Marine x2  
  87  17:04  Marine  
  87  17:05  Widow Mine  
  87  17:07  Marine x2  
  92  17:08  Marine x2  
  94  17:18  SCV  
  94  17:19  SCV, Marine  
  94  17:20  SCV  
  94  17:21  Marauder  
  94  17:22  Marauder  
  102  17:25  SCV, Marauder  
  102  17:27  Marauder  
  102  17:28  Marine x4  
  102  17:29  Marine x2  
  111  17:37  Marine  
  111  17:41  Ghost  
  111  17:44  Marauder  
  116  17:46  Marine x4, Ghost  
  116  17:47  Marine, Marauder  
  116  17:49  Marauder  
  125  17:52  Orbital Command  
  129  17:58  Widow Mine x2  
  129  18:03  Marine  
  129  18:04  Marine x2  
  129  18:05  Marine, Marauder  
  135  18:07  Medivac x2  
  135  18:11  Marine  
  135  18:12  Marine  
  141  18:15  Marauder  
Tags
 
Add a new tag
Caveats
  • Supply blocks, unpowered buildings, or Contaminate may cause inaccurate times.
  • Supply counts are checked every 10 seconds.